 Dungeon Crawl Stone Soup version 0.23-a0-61-g4bf3f6c (webtiles) character file.

366 Mgcat the Insei (level 6, -6/47 HPs)
             Began as a Gnoll Transmuter on Aug 9, 2018.
             Was a Follower of Wu Jian.
             Mangled by a troll (14 damage)
             ... on level 4 of the Dungeon.
             The game lasted 00:08:20 (3075 turns).

Mgcat the Insei (Gnoll Transmuter)                  Turns: 3075, Time: 00:08:21

Health: -6/47      AC:  2    Str: 13    XL:     6   Next: 68%
Magic:  12/14      EV: 24    Int: 16    God:    Wu Jian [*.....]
Gold:   201        SH:  0    Dex: 21    Spells: 9/15 levels left

rFire    . . .     SeeInvis .     - Unarmed
rCold    . . .     Gourm    .   (shield currently unavailable)
rNeg     . . .     Faith    .   (armour currently unavailable)
rPois    x         Spirit   .   (helmet currently unavailable)
rElec    .         Reflect  .   (cloak currently unavailable)
rCorr    .         Harm     .   (gloves currently unavailable)
MR       .....                  (boots currently unavailable)
Stlth    +.........             (no amulet)
HPRegen  0.15/turn              f - ring of attention (curse)
MPRegen  0.14/turn              (no ring)

@: spider-form (expiring)
A: tiny, distributed training, strong nose
a: End Transformation, Renounce Religion


You were on level 4 of the Dungeon.
You worshipped Wu Jian.
Wu Jian was aware of your devotion.
You were not hungry.
You were a venomous arachnid creature.
You visited 1 branch of the dungeon, and saw 4 of its levels.

You collected 201 gold pieces.

Inventory:

Missiles
 a - 68 arrows
Armour
 b - a +0 robe
 k - a +0 pair of boots of stealth (melded)
   (You found it on level 2 of the Dungeon)
 l - a cursed -1 robe (melded)
   (You found it on level 1 of the Dungeon)
Jewellery
 f - a cursed ring of attention (left front leg)
   (You took it off a kobold on level 2 of the Dungeon)
Wands
 c - a wand of iceblast (10)
   (You found it on level 3 of the Dungeon)
 m - a wand of polymorph (8)
   (You took it off Ijyb on level 4 of the Dungeon)
Scrolls
 g - a scroll of magic mapping {!r}
 j - 3 scrolls of identify
 n - 2 scrolls of amnesia {unknown}
 o - a scroll of blinking {unknown}
Potions
 e - a potion of agility
 h - a potion of heal wounds {unknown}
 p - a potion of experience {unknown}
 q - a potion of cancellation
Comestibles
 d - 9 rations
 i - 3 chunks of flesh {@w0}


   Skills:
 + Level 3.3 Fighting
 + Level 2.0 Short Blades
 + Level 2.0 Long Blades
 + Level 2.0 Axes
 + Level 2.0 Maces & Flails
 + Level 2.0 Polearms
 + Level 2.0 Staves
 + Level 2.0 Slings
 + Level 2.0 Bows
 + Level 2.0 Crossbows
 + Level 2.0 Throwing
 + Level 2.0 Armour
 + Level 5.0 Dodging
 + Level 2.0 Stealth
 + Level 2.0 Shields
 + Level 6.8 Unarmed Combat
 + Level 5.4 Spellcasting
 + Level 1.6 Conjurations
 + Level 1.6 Hexes
 + Level 1.6 Charms
 + Level 1.6 Summonings
 + Level 1.6 Necromancy
 + Level 1.6 Translocations
 + Level 4.1 Transmutations
 + Level 1.6 Fire Magic
 + Level 1.6 Ice Magic
 + Level 1.6 Air Magic
 + Level 1.6 Earth Magic
 + Level 1.6 Poison Magic
 + Level 2.2 Invocations
 + Level 2.0 Evocations


You had 9 spell levels left.
You knew the following spells:

 Your Spells              Type           Power        Failure   Level  Hunger
a - Beastly Appendage     Tmut           ###...       10%         1    None
b - Sticks to Snakes      Tmut           ###.....     13%         2    #......
c - Spider Form           Tmut/Pois      ##........   32%         3    ###....

Your spell library contained the following spells:

 Spells                   Type           Power        Failure   Level  Hunger
 Blade Hands              Tmut           ###.......   78%         5    ######.
 Ice Form                 Ice/Tmut       ##......     63%         4    ####...


Dungeon Overview and Level Annotations

Branches:
Dungeon (4/15)
 Temple: D:4-7

Altars:
Gozag
Wu Jian

Annotations:
D:3 3 runed doors, galech's ghost, amateur GnWn
D:4 exclusion: Dowan, Dowan; Duvessa


Innate Abilities, Weirdness & Mutations

Your experience applies equally to all skills.
((You have very sharp teeth.))
Your uncanny sense of smell can sniff out nearby items.


Message History

You hear a zap.
You hear a grinding noise.
You hear a zap.
You hear a grinding noise.
Eating one of 7 chunks of flesh {@w0}.
You eat one of the 7 chunks of flesh {@w0}.
This raw flesh tastes terrible.
Key pressed, stopping explore.
Key pressed, stopping explore.
Key pressed, stopping explore.
HP restored.
You butcher the felid corpse of Natasha.
i - 7 chunks of flesh {@w0} (gained 1) Key pressed, stopping explore.
Key pressed, stopping explore.
You now have 189 gold pieces (gained 14).
Key pressed, stopping explore.
Key pressed, stopping explore.
a - 68 arrows (gained 15) Marking area around Dowan as unsafe for travelling.
Dowan, Brother of Duvessa comes into view.
He is wielding a dagger.
Unknown command.
Unknown command.
Unknown command.
Casting: Spider Form (safe; 14% risk of failure)
Confirm with . or Enter, or press ? or * to list all spells.
You turn into a venomous arachnid creature.
Your +0 pair of boots of stealth melds into your body.
Your cursed -1 robe melds into your body.
You feel less stealthy.
Really crawl into a travel-excluded area?
Okay, then.
Unknown command.
Your transformation is almost over.
Key pressed, stopping explore.
Some of the chunks of flesh in your inventory have rotted away.
A jackal skeleton comes into view.
A jackal skeleton is nearby!
Unknown command.
Unknown command.
Your transformation has ended.
Your +0 pair of boots of stealth unmelds from your body.
Your cursed -1 robe unmelds from your body.
You feel stealthy. The jackal skeleton closely misses you.
The jackal skeleton bites you.
You punch the jackal skeleton!
You destroy the jackal skeleton!
The Council accepts your kill.
No target in view!
No target in view!
q - a potion of cancellation You now have 201 gold pieces (gained 12).
A troll comes into view.
The troll shouts!
You hear a shout! x3
A worker ant comes into view.
Casting: Spider Form (safe; 14% risk of failure)
Confirm with . or Enter, or press ? or * to list all spells.
You turn into a venomous arachnid creature.
Your +0 pair of boots of stealth melds into your body.
Your cursed -1 robe melds into your body.
You feel less stealthy.
The worker ant twitches its antennae in your direction.
You bite the troll!
The troll is moderately wounded.
The troll bites you! The troll completely misses you.
The troll closely misses you.
You barely miss the troll.
The troll is moderately wounded.
You hit the troll.
The troll is poisoned.
The troll is moderately wounded.
The troll completely misses you. x2; The troll barely misses you.
You spin and attack the troll.
You closely miss the troll.
The troll is moderately wounded.
Duvessa, Sister of Dowan comes into view.
She is wielding a rapier.
Duvessa shouts!
The troll closely misses you. x2; The troll claws you.
The worker ant waves its antennae.
Unknown command.
Unknown command.
You hit the troll.
The troll looks as sick as possible!
The troll is heavily wounded.
The troll barely misses you. The troll completely misses you.
The troll claws you!
Duvessa zaps a wand.
You hear a grinding noise.
It is a wand of digging (12).
Unknown command.
You completely miss the troll.
The troll is heavily wounded.
An orc comes into view. It is wielding a flail.
The troll closely misses you. The troll misses you.
The troll barely misses you.
Unknown command.
You hit the troll.
The troll is heavily wounded.
The troll closely misses you. x2; The troll claws you!
* * * LOW HITPOINT WARNING * * *
An orc comes into view. It is wielding a dagger.
You spin and attack the troll.
You barely miss the troll.
The troll is heavily wounded.
Your transformation is almost over.
The troll barely misses you. The troll claws you!
You die...

## ##.# #[. #### #.#
#e. ##...##.###.# #..
∆ ##.# #...Ta.# #.##
#..# #.#s##...eo..#
#..###.#.# #.#..#
#.#...##.. #..#
#.######### #..#
#####.########## #..#
#####.....##.......#
##..# #.
#.#.#.######.......#
#...# ##. #.#..#
#.......####..#####...
#.#.##
#.......#.............


You could see a troll (pinned) and a worker ant.

Vanquished Creatures
  An orc priest (D:3)
  3 orc wizards (D:3)
  Ijyb (D:4)
  Natasha (twice) (D:4)
  A worker ant (D:4)
  4 adders
  An ooze (D:1)
  4 worms
  2 dart slugs
  2 leopard geckos (D:3)
  15 orcs (D:3)
  3 giant cockroaches
  3 goblins
  5 hobgoblins
  14 jackals
  A quokka (D:3)
  3 bats (D:1)
  5 frilled lizards
  A jackal skeleton (D:4)
  8 kobolds
  8 rats
87 creatures vanquished.

Vanquished Creatures (collateral kills)
  A hobgoblin (D:2)
1 creature vanquished.

Grand Total: 88 creatures vanquished

Notes
Turn   | Place    | Note
-------+----------+-------------------------------------------
     0 | D:1      | Mgcat the Gnoll Transmuter began the quest for the Orb.
     0 | D:1      | Reached XP level 1. HP: 17/17 MP: 6/6
    56 | D:1      | Reached XP level 2. HP: 18/23 MP: 7/7
    85 | D:1      | Learned a level 2 spell: Sticks to Snakes
   628 | D:1      | Reached XP level 3. HP: 24/28 MP: 7/9
   633 | D:1      | Learned a level 3 spell: Spider Form
   673 | D:2      | Reached skill level 5 in Spellcasting
   834 | D:2      | Reached skill level 1 in Invocations
   932 | D:2      | Reached skill level 1 in Short Blades
   932 | D:2      | Reached skill level 1 in Long Blades
   932 | D:2      | Reached skill level 1 in Axes
   932 | D:2      | Reached skill level 1 in Maces & Flails
   932 | D:2      | Reached skill level 1 in Polearms
   932 | D:2      | Reached skill level 1 in Staves
   932 | D:2      | Reached skill level 1 in Slings
   932 | D:2      | Reached skill level 1 in Bows
   932 | D:2      | Reached skill level 1 in Crossbows
   932 | D:2      | Reached skill level 1 in Throwing
   932 | D:2      | Reached skill level 1 in Armour
   932 | D:2      | Reached skill level 1 in Stealth
   932 | D:2      | Reached skill level 1 in Shields
   932 | D:2      | Reached skill level 1 in Evocations
   937 | D:2      | Reached XP level 4. HP: 34/34 MP: 8/11
  1771 | D:3      | Found a runed gate.
  1771 | D:3      | Noticed an ice beast
  1772 | D:3      | Found a runed gate.
  1774 | D:3      | Found a runed gate.
  1775 | D:3      | Noticed galech's ghost (amateur GnWn)
  1892 | D:3      | Reached skill level 1 in Conjurations
  1892 | D:3      | Reached skill level 1 in Hexes
  1892 | D:3      | Reached skill level 1 in Charms
  1892 | D:3      | Reached skill level 1 in Summonings
  1892 | D:3      | Reached skill level 1 in Necromancy
  1892 | D:3      | Reached skill level 1 in Translocations
  1892 | D:3      | Reached skill level 1 in Fire Magic
  1892 | D:3      | Reached skill level 1 in Ice Magic
  1892 | D:3      | Reached skill level 1 in Air Magic
  1892 | D:3      | Reached skill level 1 in Earth Magic
  1892 | D:3      | Reached skill level 1 in Poison Magic
  1898 | D:3      | Reached XP level 5. HP: 29/40 MP: 3/12
  2015 | D:3      | Found an opulent altar of Gozag.
  2094 | D:3      | Reached skill level 3 in Fighting
  2121 | D:3      | Reached skill level 4 in Transmutations
  2336 | D:3      | HP: 10/41 [adder (1)]
  2338 | D:3      | Reached skill level 2 in Invocations
  2338 | D:3      | Reached XP level 6. HP: 11/47 MP: 11/13
  2341 | D:3      | HP: 8/47 [poisoned by an adder]
  2556 | D:3      | Found a faded altar of an unknown god.
  2570 | D:3      | Became a worshipper of the Wu Jian Council
  2570 | D:3      | Reached * piety under Wu Jian
  2777 | D:4      | Noticed Natasha
  2783 | D:4      | Killed Natasha
  2815 | D:4      | Reached skill level 5 in Dodging
  2841 | D:4      | Noticed Ijyb
  2849 | D:4      | Killed Ijyb
  2849 | D:4      | Reached skill level 2 in Short Blades
  2849 | D:4      | Reached skill level 2 in Long Blades
  2849 | D:4      | Reached skill level 2 in Axes
  2849 | D:4      | Reached skill level 2 in Maces & Flails
  2849 | D:4      | Reached skill level 2 in Polearms
  2849 | D:4      | Reached skill level 2 in Staves
  2849 | D:4      | Reached skill level 2 in Slings
  2849 | D:4      | Reached skill level 2 in Bows
  2849 | D:4      | Reached skill level 2 in Crossbows
  2849 | D:4      | Reached skill level 2 in Throwing
  2849 | D:4      | Reached skill level 2 in Armour
  2849 | D:4      | Reached skill level 2 in Stealth
  2849 | D:4      | Reached skill level 2 in Shields
  2849 | D:4      | Reached skill level 2 in Evocations
  2860 | D:4      | Noticed Natasha
  2870 | D:4      | Killed Natasha
  3013 | D:4      | Noticed Dowan
  3065 | D:4      | Noticed a troll
  3071 | D:4      | Noticed Duvessa
  3074 | D:4      | HP: 8/47 [troll (12)]
  3075 | D:4      | Mangled by a troll

Vault maps used:
D:1:      dpeg_arrival_simpleton_b
D:3:      grunt_gozag_breadcrumbs, chequers_ecumenical_altar_grove,
          gammafunk_ghost_split, first_ration, columned_hall_lemuel,
          grunt_decor_arrowhead
D:4:      minmay_temple_entry_statues_fountains, st_stairs_14,
          grunt_ministairs_1, uniq_ijyb, uniq_natasha, uniq_duvessa

Skill      XL: |  1  2  3  4  5  6 |
---------------+-------------------+-----
Spellcasting   | 5 |  5.4
Invocations    | 1 2 |  2.2
Short Blades   | 1 2 |  2.0
Long Blades    | 1 2 |  2.0
Axes           | 1 2 |  2.0
Maces & Flails | 1 2 |  2.0
Polearms       | 1 2 |  2.0
Staves         | 1 2 |  2.0
Slings         | 1 2 |  2.0
Bows           | 1 2 |  2.0
Crossbows      | 1 2 |  2.0
Throwing       | 1 2 |  2.0
Armour         | 1 2 |  2.0
Stealth        | 1 2 |  2.0
Shields        | 1 2 |  2.0
Evocations     | 1 2 |  2.0
Conjurations   | 1 |  1.6
Hexes          | 1 |  1.6
Charms         | 1 |  1.6
Summonings     | 1 |  1.6
Necromancy     | 1 |  1.6
Translocations | 1 |  1.6
Fire Magic     | 1 |  1.6
Ice Magic      | 1 |  1.6
Air Magic      | 1 |  1.6
Earth Magic    | 1 |  1.6
Poison Magic   | 1 |  1.6
Fighting       | 3 |  3.3
Transmutations | 4 |  4.1
Dodging        | 5 |  5.0
Unarmed Combat | |  6.8

Action                   |  1- 3 |  4- 6 || total
-------------------------+-------+-------++-------
Melee: Unarmed           |    61 |   160 ||   221
       Headbutt          |     4 |       ||     4
       Bite              |     2 |       ||     2
       Kick              |     2 |       ||     2
 Cast: Beastly Appendage |    10 |       ||    10
       Spider Form       |     6 |    28 ||    34
       Sticks to Snakes  |     1 |       ||     1
Invok: Whirlwind         |       |     6 ||     6
  Use: Scroll            |     3 |     2 ||     5
       Potion            |       |     3 ||     3
 Stab: Sleeping          |     4 |     2 ||     6
  Eat: Chunk             |     1 |     9 ||    10
Armor: Robe              |     8 |     1 ||     9
       Skin              |     1 |     3 ||     4
Dodge: Dodged            |    39 |   128 ||   167

Table legend:
 A = Non-vault XP
 B = Vault XP
 C = Vault XP percentage of total XP
 D = Non-vault monster count
 E = Vault monster count
 F = Vault count percentage of total count
 G = Total turns spent on level
                 A         B        C        D         E       F
            +---------+---------+-------+---------+---------+-------
      Total |     449 |      74 |  14.1 |      86 |       2 |   2.3
            +---------+---------+-------+---------+---------+-------
        D:1 |      35 |       0 |   0.0 |      18 |       0 |   0.0
        D:2 |      64 |       0 |   0.0 |      25 |       0 |   0.0
        D:3 |     276 |       0 |   0.0 |      37 |       0 |   0.0
        D:4 |      74 |      74 |  50.0 |       6 |       2 |  25.0
            +---------+---------+-------+---------+---------+-------

Vault maps used:
D:1:      dpeg_arrival_simpleton_b
D:3:      grunt_gozag_breadcrumbs, chequers_ecumenical_altar_grove,
          gammafunk_ghost_split, first_ration, columned_hall_lemuel,
          grunt_decor_arrowhead
D:4:      minmay_temple_entry_statues_fountains, st_stairs_14,
          grunt_ministairs_1, uniq_ijyb, uniq_natasha, uniq_duvessa

Table legend:
 A = Turns spent in this place as a percentage of turns spent in the entire game.
 B = Non-inter-level travel turns spent in this place as a percentage of non-inter-level travel turns spent in the entire game.
 C = Inter-level travel turns spent in this place as a percentage of turns spent in this place.
 D = Turns resting spent in this place as a percentage of non-inter-level travel turns spent in this place.
 E = Turns spent auto-exploring this place as a percentage of non-inter-level travel turns spent in this place.
 F = Non-inter-level travel turns spent in this place divided by the number of levels of this place that you've seen.
                   A       B       C       D       E      F
               +-------+-------+-------+-------+-------+----------------------
         Total | 100.0 | 100.0 |   2.4 |   1.3 |  77.0 | 750.5
       Dungeon | 100.0 | 100.0 |   2.4 |   1.3 |  77.0 | 750.5
               +-------+-------+-------+-------+-------+----------------------

Table legend:
 A = Kills in this place as a percentage of kills in entire the game.
 B = Kills by you in this place as a percentage of kills by you in the entire game.
 C = Kills by friends in this place as a percentage of kills by friends in the entire game.
 D = Other kills in this place as a percentage of other kills in the entire game.
 E = Experience gained in this place as a percentage of experience gained in the entire game.
 F = Experience gained in this place divided by the number of levels of this place that you have seen.
                   A       B       C       D       E      F
               +-------+-------+-------+-------+-------+----------------------
         Total | 100.0 | 100.0 | 100.0 |   N/A | 100.0 | 130.8
       Dungeon | 100.0 | 100.0 | 100.0 |   N/A | 100.0 | 130.8
               +-------+-------+-------+-------+-------+----------------------
